Map: Dusk Towers

Players

LiquidTLO (TLO)

  • Race: Zerg Zerg
  • League: Grandmaster

TYTY (TY) - Winner!

  • Race: Terran Terran
  • League: Diamond

Event: DreamHack ROCCAT LotV Championship

VOD

Have the link to the VOD?

Description

Time

  • Played on: Nov. 26, 2015, 1:52 p.m.
  • Length: 10:31

All games in this series

Show
View Real Time Build Order
Export as new Build Order

LiquidTLO Zerg 

Build Orders: Hatch First 

Get SALT Encoding   

  12  0:00  Drone  
  13  0:12  Overlord  
  13  0:17  Drone  
  14  0:30  Drone  
  14  0:31  Drone  
  16  0:50  Hatchery  
  16  0:52  Drone  
  16  0:55  Drone  
  17  0:59  Drone  
  17  1:01  Extractor  
  17  1:06  Drone  
  18  1:18  Spawning Pool  
  17  1:23  Drone  
  18  1:29  Drone  
  19  1:41  Overlord  
  19  2:04  Metabolic Boost  
  19  2:05  Queen x2  
  19  2:06  Zergling x4  
  25  2:10  Drone  
  25  2:12  Drone  
  27  2:16  Drone  
  27  2:21  Drone  
  29  2:29  Extractor  
  29  2:30  Drone  
  29  2:32  Drone  
  29  2:34  Spore Crawler, Drone  
  30  2:40  Queen  
  33  2:45  Queen  
  33  2:49  Overlord  
  35  2:59  Overlord  
  35  3:07  Drone x4  
  39  3:15  Hatchery  
  39  3:17  Drone  
  39  3:19  Drone  
  40  3:22  Drone  
  40  3:23  Drone  
  40  3:26  Zergling x2  
  43  3:28  Zergling x2  
  44  3:35  Drone  
  44  3:36  Drone  
  44  3:37  Drone, Extractor  
  46  3:43  Zergling x4  
  46  3:44  Baneling Nest  
  47  3:50  Zergling x2  
  47  3:51  Zergling x4  
  47  3:55  Overlord, Zergling x2  
  51  4:04  Spore Crawler  
  51  4:06  Overlord  
  50  4:15  Zergling x6  
  53  4:17  Zergling x2  
  53  4:18  Zergling x2  
  53  4:23  Zergling x4  
  57  4:24  Zergling x2  
  57  4:25  Zergling x2  
  57  4:26  Zergling x4  
  61  4:32  Spore Crawler  
  61  4:38  Baneling x6  
  58  4:39  Zergling x2  
  58  4:44  Drone x3  
  58  4:45  Drone x2  
  62  4:49  Drone  
  63  4:55  Evolution Chamber  
  63  4:59  Drone  
  60  5:03  Drone  
  60  5:04  Drone x5  
  66  5:08  Evolution Chamber  
  65  5:20  Zerg Ground Armor Level 1  
  65  5:21  Overlord  
  65  5:22  Drone  
  65  5:26  Overlord  
  65  5:27  Overlord  
  66  5:31  Overlord  
  66  5:39  Overlord  
  66  5:42  Zerg Melee Weapons Level 1  
  66  5:45  Drone  
  66  5:46  Drone x9  
  76  5:54  Burrow  
  73  5:58  Zergling x2  
  73  5:59  Zergling x8  
  78  6:07  Lair  
  78  6:11  Drone x2  
  73  6:12  Drone  
  73  6:14  Drone  
  73  6:15  Hatchery  
  73  6:17  Zergling x4  
  73  6:20  Drone  
  73  6:24  Drone x2  
  74  6:30  Zergling x2  
  74  6:32  Zergling x2  
  76  6:34  Zergling x2  
  76  6:36  Zergling x2  
  76  6:38  Zergling x2  
  76  6:39  Zergling x2  
  80  6:42  Zergling x2  
  80  6:44  Overlord  
  80  6:45  Zergling x2  
  80  6:46  Zergling x2  
  83  6:48  Zergling x4  
  83  6:50  Zergling x2  
  83  6:52  Overlord  
  86  6:55  Zergling x6  
  86  7:00  Overlord x2  
  89  7:06  Zergling x8  
  92  7:10  Zergling x2  
  93  7:15  Zergling x2  
  93  7:16  Zergling x2  
  93  7:18  Zerg Ground Armor Level 2  
  93  7:20  Zergling x2  
  96  7:23  Drone x3, Extractor x2  
  96  7:27  Zergling x2  
  100  7:33  Zergling x14  
  100  7:36  Zergling x2  
  104  7:45  Zergling x2  
  104  7:47  Zergling x2  
  104  7:48  Zergling x2  
  96  7:52  Zergling x2  
  96  7:54  Zergling x2  
  96  7:56  Zergling x2  
  96  7:57  Zergling x2  
  96  7:58  Zergling x2  
  90  7:59  Zergling x4  
  90  8:00  Zergling x4  
  90  8:02  Zergling x2  
  86  8:06  Zerg Melee Weapons Level 2  
  86  8:09  Zergling x2  
  87  8:15  Zergling x8  
  87  8:17  Zergling x2  
  78  8:24  Infestation Pit, Queen  
  78  8:25  Drone  
  78  8:26  Drone x7  
  87  8:30  Queen x2, Zergling x2  
  87  8:31  Zergling x2  
  93  8:35  Drone  
  93  8:36  Extractor  
  93  8:38  Drone x2  
  93  8:39  Drone x4, Extractor  
  93  8:40  Zergling x4  
  100  8:43  Hatchery  
  100  8:46  Baneling x6  
  100  8:48  Zergling x4  
  99  8:53  Zergling x4  
  99  8:54  Spore Crawler  
  101  8:57  Zergling x2  
  101  8:59  Zergling x4  
  101  9:00  Zergling x2  
  101  9:01  Zergling x4  
  101  9:02  Zergling x4  
  109  9:03  Queen  
  109  9:05  Zergling x4  
  109  9:07  Zergling x2  
  111  9:11  Zergling x4  
  111  9:12  Zergling x4  
  111  9:14  Zergling x2  
  108  9:19  Zergling x2  
  108  9:23  Zergling x6  
  109  9:25  Overlord  
  109  9:30  Spore Crawler, Zergling x2  
  109  9:31  Spore Crawler, Zergling x2  
  109  9:34  Zergling x2  
  109  9:35  Zergling x4  
  112  9:38  Zergling x2  
  112  9:39  Zergling x2  
  112  9:40  Zergling x6  
  112  9:41  Overlord  
  117  9:47  Zergling x10  
  112  10:00  Zergling x2  
  112  10:02  Zergling x6  
  112  10:03  Baneling x7  
  112  10:04  Baneling x8  
  112  10:06  Zergling x2  
  116  10:07  Zergling x2  
  116  10:09  Zergling x2  
  116  10:10  Zergling x4  
  116  10:11  Zergling x2  
  116  10:13  Zergling x2  
  116  10:14  Zergling x2  
Show
View Real Time Build Order
Export as new Build Order

TYTY Terran - Winner!

Build Orders: Liberator Opening, Reaper Expand, Bio Tank, MMM Bio 

Get SALT Encoding   

  12  0:00  SCV  
  13  0:12  SCV  
  14  0:16  Supply Depot  
  14  0:25  SCV  
  15  0:38  SCV  
  15  0:39  Barracks  
  16  0:43  Refinery  
  16  0:50  SCV  
  17  1:02  SCV  
  18  1:14  SCV  
  19  1:26  Reaper, Orbital Command  
  20  1:38  Command Center  
  20  1:47  Supply Depot  
  20  1:52  SCV  
  21  1:58  Marine  
  22  2:03  Factory  
  22  2:06  SCV  
  23  2:16  Refinery  
  23  2:18  SCV  
  23  2:21  Barracks Reactor  
  24  2:31  SCV  
  25  2:43  SCV  
  26  2:53  Starport  
  26  2:54  Orbital Command  
  26  2:55  SCV  
  27  3:01  Hellion x2  
  31  3:05  Marine  
  31  3:07  SCV  
  33  3:19  SCV  
  34  3:21  Widow Mine x2  
  34  3:23  Marine  
  34  3:25  SCV  
  34  3:26  Supply Depot  
  40  3:29  Medivac  
  40  3:31  SCV  
  43  3:37  SCV  
  43  3:43  SCV  
  43  3:44  Barracks Tech Lab  
  44  3:49  SCV  
  44  3:51  Command Center, Liberator  
  45  3:58  Hellion x2  
  45  4:02  SCV  
  51  4:08  Supply Depot  
  53  4:11  SCV  
  54  4:25  Supply Depot x2  
  54  4:29  SCV, Siege Tank, Marine x2  
  60  4:31  SCV  
  61  4:41  SCV  
  62  4:45  SCV  
  62  4:47  Marine x2  
  62  4:52  Starport Tech Lab  
  64  4:53  SCV  
  61  5:03  Siege Tank, Orbital Command  
  61  5:05  Marine x2  
  61  5:06  Supply Depot  
  66  5:07  SCV x2  
  66  5:09  Supply Depot  
  66  5:13  Engineering Bay  
  68  5:15  Engineering Bay  
  68  5:19  SCV x2  
  70  5:23  Marine x2  
  70  5:27  Supply Depot  
  72  5:29  Starport Tech Lab  
  72  5:31  Barracks x2  
  72  5:32  SCV x2  
  72  5:35  Orbital Command  
  74  5:37  Siege Tank  
  74  5:42  Marine x2  
  79  5:51  SCV x2  
  79  5:54  Supply Depot  
  81  5:57  Supply Depot  
  81  6:00  Marine x2  
  81  6:02  Terran Infantry Weapons Level 1, Terran Infantry Armor Level 1, Refinery x2  
  83  6:06  SCV x2  
  85  6:17  SCV  
  85  6:18  SCV, Marine x2  
  87  6:25  Marine  
  94  6:32  Stimpack  
  90  6:33  Starport Reactor  
  90  6:34  SCV x2, Barracks x2  
  90  6:36  Marine x2  
  90  6:38  Marine  
  95  6:42  SCV  
  95  6:43  Siege Tank, Marine  
  95  6:44  Refinery  
  95  6:46  SCV, Supply Depot  
  95  6:47  Supply Depot  
  101  6:50  Refinery  
  101  6:54  Marine x2  
  101  6:56  Combat Shields, Marine  
  101  7:00  SCV x3  
  101  7:01  Marine  
  108  7:06  Supply Depot  
  108  7:08  Supply Depot  
  108  7:09  Medivac x2  
  112  7:15  Marine  
  112  7:16  Marine x2  
  112  7:18  SCV x3  
  112  7:21  Siege Tank  
  121  7:27  Barracks Reactor  
  121  7:28  Barracks Reactor  
  122  7:31  SCV x2  
  122  7:32  Supply Depot  
  122  7:33  SCV, Marine  
  122  7:34  Marine  
  128  7:37  Armory  
  128  7:41  Marauder x2  
  129  7:46  Barracks x2  
  113  7:51  Marine  
  113  7:52  Marine  
  113  7:54  Siege Tank  
  109  8:01  SCV x2  
  109  8:02  Marine x2  
  108  8:05  Marine  
  108  8:06  Marine  
  108  8:09  Marine  
  108  8:10  Marine  
  106  8:20  Marine x3  
  106  8:23  Marine, Medivac x2  
  119  8:27  Marine  
  119  8:28  Marine  
  121  8:36  Barracks Reactor  
  121  8:38  Marauder x2, Marine  
  121  8:41  Marine  
  121  8:42  Widow Mine x2  
  121  8:44  SCV x2  
  121  8:45  Marine  
  121  8:46  Command Center, Marine  
  130  8:55  Marine  
  130  8:56  Medivac x2  
  130  8:59  Marine x3  
  130  9:02  Marine  
  138  9:04  Marine  
  140  9:10  Widow Mine x2  
  140  9:14  Marine  
  144  9:17  Marine x3  
  144  9:23  Barracks Reactor  
  143  9:25  Marine x4  
  143  9:26  Medivac  
  143  9:31  Medivac  
  151  9:32  Supply Depot  
  151  9:35  Marauder x2  
  155  9:41  Marine x3  
  155  9:43  Widow Mine, Marine  
  157  9:47  Concussive Shells  
  157  9:52  Supply Depot x2  
  157  9:53  Supply Depot, Widow Mine  
  157  9:54  Marine x3  
  157  9:56  Marine  
  163  10:01  Marine x2  
  163  10:02  Marine  

Tags
 
Add a new tag
Caveats
  • Supply blocks, unpowered buildings, or Contaminate may cause inaccurate times.
  • Supply counts are checked every 10 seconds.